 Dungeon Crawl Stone Soup version 0.14-a0-3315-g09e681a (webtiles) character file.

118 4tharraofdagon the Firebug (level 4, 0/24 HPs)
             Began as a Tengu Fire Elementalist on Mar 15, 2014.
             Slain by a worker ant (2 damage)
             ... on Level 4 of the Dungeon.
             The game lasted 00:03:52 (694 turns).

4tharraofdagon the Firebug (Tengu Fire Elementalist) Turns: 694, Time: 00:03:52

HP   0/24        AC  3     Str  9      XL: 4   Next: 26%
MP   2/9         EV 12     Int 16      God:
Gold 46          SH  0     Dex 14      Spells:  2 memorised,  3 levels left

rFire  . . .     SeeInvis .     m - +0 cutlass
rCold  . . .     Clarity  .     a - +0 robe
rNeg   . . .     Conserve .     (no shield)
rPois  .         rCorr    .     (helmet restricted)
rElec  .         rRot     .     (no cloak)
SustAb . .       Spirit   .     p - +0 pair of gloves
rMut   .         Warding  .     (boots unavailable)
Saprov . . .     Stasis   .     (no amulet)
MR     .....                    (no ring)
                                (no ring)

@: lethally poisoned, very slightly contaminated, not resistant to hostile
enchantments, fairly stealthy
A: beak, talons 3
a: no special abilities


You were on level 4 of the Dungeon.
You were not hungry.

You visited 1 branch of the dungeon, and saw 4 of its levels.
You also visited: Sewer.

You collected 46 gold pieces.

Inventory:

Hand weapons
 j - a +0,+0 flail
 m - a +0,+0 cutlass (weapon)
Missiles
 e - 5 darts (quivered)
Armour
 a - a +0 robe (worn)
 g - a +0 pair of gloves
 k - a +0 leather armour
 p - a +0 pair of gloves (worn)
Magical devices
 o - a wand of cold (0)
Comestibles
 c - a bread ration
 n - a chunk of hound flesh
Scrolls
 d - 2 scrolls of amnesia {unknown}
 f - 4 scrolls of identify {unknown}
 h - 2 scrolls of remove curse {unknown}
 i - 2 scrolls of enchant armour {unknown}
Jewellery
 l - an uncursed amulet of stasis {unknown}
Books
 b - a book of Flames

   Spells                             Type                      Level
   *Flame Tongue                      Conjuration/Fire             1
   Throw Flame                        Conjuration/Fire             2
   *Conjure Flame                     Conjuration/Fire             3
   Inner Flame                        Hexes/Fire                   3
   Sticky Flame                       Conjuration/Fire             4
   Fireball                           Conjuration/Fire             5


   Skills:
 - Level 2.1 Dodging
 - Level 2.0 Stealth
 + Level 2.4 Spellcasting
 * Level 3.1 Conjurations
 * Level 4.5 Fire Magic


You had 3 spell levels left.
You knew the following spells:

 Your Spells              Type           Power        Failure   Level  Hunger
a - Flame Tongue          Conj/Fire      ##...        6%          1    #......
b - Conjure Flame         Conj/Fire      ##......     14%         3    ####...


Dungeon Overview and Level Annotations

Branches:
Dungeon (4/15)
 Temple: D:4-7

Altars:

Shops:
D:4 [


Innate Abilities, Weirdness & Mutations

You have a beak for a mouth.
You have claws for feet.


Message History

You feel sick. The worker ant bites you.
* * * LOW HITPOINT WARNING * * *
Casting: Flame Tongue
Confirm with . or Enter, or press ? or * to list all spells.
Aiming: Flame Tongue
Press: ? - help, Shift-Dir - straight line, f/p - worker ant
Aim: a worker ant (lightly wounded)
The flame hits the worker ant.
The worker ant is lightly wounded.
* * * LOW HITPOINT WARNING * * *
You feel sick. The worker ant barely misses you.
Casting: Flame Tongue
Confirm with . or Enter, or press ? or * to list all spells.
Aiming: Flame Tongue
Press: ? - help, Shift-Dir - straight line, f/p - worker ant
Aim: a worker ant (lightly wounded)
The flame hits the worker ant.
The worker ant is moderately wounded.
The worker ant bites you.
You die...

# ##### #..#######..# #.
#..# #..# #. #..# #..# #..
#..# #..#
###..########..#######..#
.........................#
######..#################
#..##########
######...@a.......
...................
####..############ #.. #..
... .... . #


You could see a worker ant.

Vanquished Creatures
  A hound (D:4)
  An adder (D:3)
  A giant mite (D:3)
  A giant gecko (D:3)
  An orc (D:3)
  2 ball pythons (D:3)
  A bat skeleton (D:4)
  A giant cockroach (D:3)
  A goblin (D:3)
  2 hobgoblins
  A quokka (D:3)
  4 bats (D:3)
  3 kobolds
  2 rats (D:3)
  A rat zombie (D:3)
23 creatures vanquished.

Vanquished Creatures (others)
  12 toadstools (D:4)
12 creatures vanquished.

Grand Total: 35 creatures vanquished

Notes
Turn   | Place    | Note
--------------------------------------------------------------
     0 | D:1      | 4tharraofdagon, the Tengu Fire Elementalist, began the quest for the Orb.
     0 | D:1      | Reached XP level 1. HP: 10/10 MP: 3/3
   171 | D:2      | You fall through a shaft!
   181 | D:3      | Reached XP level 2. HP: 12/15 MP: 0/5
   362 | D:3      | Reached skill level 4 in Fire Magic
   362 | D:3      | Reached XP level 3. HP: 7/19 MP: 2/7
   369 | D:3      | Learned a level 3 spell: Conjure Flame
   395 | D:3      | Found a glowing drain.
   422 | Sewer    | Entered a sewer
   522 | D:4      | Reached XP level 4. HP: 1/24 MP: 0/9
   553 | D:4      | Found Saoziom's Antique Armour Boutique.
   694 | D:4      | Slain by a worker ant

Action                   |  1- 3 |  4- 6 || total
-------------------------+-------+-------++-------
Melee: Unarmed           |    11 |       ||    11
       Flail             |    12 |       ||    12
       Cutlass           |     1 |     1 ||     2
 Cast: Flame Tongue      |    32 |     7 ||    39
Evoke: Wand              |       |     1 ||     1
  Use: Potion            |     1 |       ||     1
